 Dungeon Crawl Stone Soup version 0.28.0-53-g5a82cb258f (webtiles) character file.

Game seed: 18079950508352968587

140 styxcanada the Covert (level 5, 0/26 HPs)
             Began as a Spriggan Brigand on Aug 12, 2022.
             Slain by a bullfrog zombie (5 damage)
             ... on level 4 of the Dungeon.
             The game lasted 00:10:00 (3409 turns).

styxcanada the Covert (Spriggan Brigand)            Turns: 3409, Time: 00:10:00

Health: 0/26       AC:  3    Str:  7    XL:     5   Next: 2%
Magic:  8/8        EV: 17    Int: 13    God:
Gold:   128        SH:  0    Dex: 18    Spells: 6/6 levels left

rFire   . . .      SeeInvis +   a - +2 dagger
rCold   . . .      Faith    .   (no shield)
rNeg    . . .      Spirit   .   b - +0 robe
rPois   .          Reflect  .   (helmet restricted)
rElec   .          Harm     .   c - +0 cloak
rCorr   .          Rampage  .   (gloves unavailable)
Will    .....                   (boots unavailable)
Stlth   ++++......              (no amulet)
HPRegen 0.08/turn               (no ring)
MPRegen 0.11/turn               (no ring)

@: very quick
A: very small, no large weapons, unfitting armour, see invisible, speed 3
a: no special abilities


You were on level 4 of the Dungeon.
You visited 1 branch of the dungeon, and saw 4 of its levels.

You collected 128 gold pieces.

Inventory:

Hand Weapons
 a - a +2 dagger (weapon)
 o - a +0 hunting sling
 p - a +2 mace of protection
Missiles
 d - 9 poisoned darts (quivered)
 e - 2 curare-tipped darts
 f - 21 sling bullets
 h - 56 stones
Armour
 b - a +0 robe (worn)
 c - a +0 cloak (worn)
Jewellery
 r - a ring of wizardry
Wands
 i - a wand of charming (12)
Scrolls
 j - a scroll of immolation {unknown}
 m - 2 scrolls of fear {unknown}
 n - a scroll of summoning {unknown}
 q - a scroll of fog {unknown}
 s - a scroll of magic mapping {unknown}
Potions
 g - a potion of heal wounds
 k - a potion of curing
 t - a potion of might
 u - a potion of brilliance


   Skills:
 * Level 1.9 Fighting
 + Level 2.4 Short Blades
 + Level 1.0(2.0) Slings
 + Level 2.2(2.3) Throwing
 * Level 2.1 Dodging
 * Level 8.3 Stealth
 * Level 1.3 Spellcasting


You had 6 spell levels left.
You didn't know any spells.
Your spell library contained the following spells:

 Spells                   Type           Power      Damage    Failure   Level
 Scorch                   Fire           0%         2d5       38%         2
 Olgreb's Toxic Radiance  Pois           0%         N/A       95%         4
 Alistair's Intoxication  Tmut/Pois      0%         N/A       100%        5
 Ignition                 Fire           0%         3d3       100%        8


Dungeon Overview and Level Annotations

Branches:
Dungeon (4/15)
 Temple: D:4-7

Altars:
Ashenzari
Okawaru


Innate Abilities, Weirdness & Mutations

You are very small and have problems with some larger weapons.
You are too small for most types of armour.
You have supernaturally acute eyesight. (SInv)
You cover ground extremely quickly. (Speed+++)


Message History

You kill the hobgoblin!
You hit the bullfrog zombie.
The bullfrog zombie is lightly damaged.
The bullfrog zombie completely misses you.
You closely miss the bullfrog zombie.
The bullfrog zombie is lightly damaged.
The bullfrog zombie hits you but does no damage.
The bullfrog zombie hits you.
You hit the bullfrog zombie.
The bullfrog zombie is lightly damaged.
The bullfrog zombie hits you but does no damage.
You hit the bullfrog zombie.
The bullfrog zombie is moderately damaged.
The bullfrog zombie hits you.
You barely miss the bullfrog zombie.
The bullfrog zombie is moderately damaged.
The bullfrog zombie misses you.
You hit the bullfrog zombie.
The bullfrog zombie is moderately damaged.
The bullfrog zombie closely misses you.
You hit the bullfrog zombie.
The bullfrog zombie is heavily damaged.
The bullfrog zombie barely misses you.
You hit the bullfrog zombie.
The bullfrog zombie is heavily damaged.
The bullfrog zombie misses you.
You barely miss the bullfrog zombie.
The bullfrog zombie is heavily damaged.
The bullfrog zombie misses you.
You hit the bullfrog zombie.
The bullfrog zombie is severely damaged.
The bullfrog zombie hits you. x2
You hit the bullfrog zombie but do no damage.
The bullfrog zombie is severely damaged.
The bullfrog zombie hits you.
* * * LOW HITPOINT WARNING * * *
You closely miss the bullfrog zombie.
The bullfrog zombie is severely damaged.
The bullfrog zombie hits you.
You die...

#.....# #....# #<.#
#(P..# ##..# #.P..#
####...######.P.#
..............P.#
.##.....#####...#
#.#..[........#
#.###.######.Z#######
#. ..# ##.@.....# ##
### #######...


You could see a bullfrog zombie.

Vanquished Creatures
  Jessica (D:3)
  Terence (D:3)
  Robin (D:2)
  3 adders
  A worm (D:2)
  2 ball pythons (D:3)
  6 bats
  4 endoplasms
  A giant cockroach (D:2)
  9 goblins
  6 hobgoblins
  3 jackals (D:3)
  2 quokkas
  A frilled lizard (D:1)
  4 kobolds
  2 rats (D:1)
47 creatures vanquished.

Notes
Turn   | Place    | Note
-------+----------+-------------------------------------------
     0 | D:1      | styxcanada the Spriggan Brigand began the quest for the
                  | Orb.
     0 | D:1      | Reached XP level 1. HP: 10/10 MP: 2/2
    68 | D:1      | Reached skill level 6 in Stealth
   332 | D:1      | Found a faded altar of an unknown god.
   695 | D:2      | Reached XP level 2. HP: 6/14 MP: 3/3
  1052 | D:2      | Got the Papyrus of Heat and Poison
  1171 | D:2      | Reached skill level 7 in Stealth
  1529 | D:2      | Reached XP level 3. HP: 18/18 MP: 4/4
  1767 | D:2      | Noticed Robin
  1812 | D:2      | Killed Robin
  2455 | D:3      | Noticed Jessica
  2462 | D:3      | Killed Jessica
  2463 | D:3      | Reached XP level 4. HP: 23/23 MP: 4/6
  2475 | D:3      | Found an iron altar of Okawaru.
  2555 | D:3      | Reached skill level 1 in Spellcasting
  2708 | D:3      | Noticed Terence
  2715 | D:3      | Killed Terence
  2716 | D:3      | Reached skill level 8 in Stealth
  2940 | D:3      | Found a broken altar of Ashenzari.
  3178 | D:3      | Reached skill level 1 in Slings
  3178 | D:3      | Reached XP level 5. HP: 26/26 MP: 6/8
  3409 | D:4      | Slain by a bullfrog zombie

Illustrated notes

Levels and vault maps discovered:
D:1:      minmay_arrival_wavy_path, layout_rooms, serial_forest,
          infiniplex_forest_clump_diagonal, infiniplex_forest_straight_2,
          infiniplex_forest_lined_corner, infiniplex_forest_straight_5,
          infiniplex_forest_join, infiniplex_forest_corner_2,
          infiniplex_forest_straight_5, infiniplex_forest_clump_curved,
          hellmonk_ecumenical_altar_zigzags
D:2:      layout_loops_ring, serial_rivers, chequers_serial_rivers_room_a,
          chequers_serial_rivers_micro_b, chequers_serial_rivers_micro_e,
          chequers_serial_rivers_room_b, chequers_serial_rivers_room_b,
          uniq_robin
D:3:      layout_basic, mainiacjoe_overflow_catch_the_wave, minivault_24,
          grunt_ministairs_7, uniq_jessica, uniq_terence
D:4:      layout_loops_ring, mainiacjoe_overflow_boulevard, kennysheep_mini,
          minmay_temple_entry_glass, gup_sewer_entry_pipe

Skill      XL: |  1  2  3  4 |
---------------+-------------+-----
Stealth        | 6 7 8 |  8.3
Dodging        | 2 |  2.1
Spellcasting   | 1 |  1.3
Slings         | 1 |  1.0
Fighting       | |  1.9
Short Blades   | |  2.4
Throwing       | |  2.2

Action                   |  1- 3 |  4- 6 || total
-------------------------+-------+-------++-------
Melee: Dagger            |    73 |    73 ||   146
       Punch             |     3 |       ||     3
 Fire: Hunting sling     |     7 |       ||     7
Throw: Dart              |    15 |     3 ||    18
  Use: Scroll            |     1 |     5 ||     6
 Stab: Sleeping          |    11 |     5 ||    16
Armor: Robe              |     7 |     7 ||    14
Dodge: Dodged            |    39 |    53 ||    92
